 Dungeon Crawl Stone Soup version 0.17-a0-848-g7e5c6af (webtiles) character file.

392 Zwobot the Chucker (level 6, -1/53 HPs)
             Began as a Centaur Arcane Marksman on Apr 27, 2015.
             Was an Initiate of Okawaru.
             Slain by a water moccasin (4 damage)
             ... on level 5 of the Dungeon.
             The game lasted 00:20:59 (6195 turns).

Zwobot the Chucker (Centaur Arcane Marksman)        Turns: 6195, Time: 00:21:00

Health: -1/53      AC:  5    Str: 14    XL:     6   Next: 51%
Magic:  7/7        EV:  9    Int: 12    God:    Okawaru [......]
Gold:   157        SH:  0    Dex: 10    Spells: 1 memorised, 6 levels left

rFire  . . .     SeeInvis .     a - +0 mace
rCold  + . .     Clarity  .     j - +0 robe
rNeg   . . .     SustAb   .     (no shield)
rPois  .         Gourm    .     B - +0 helmet
rElec  .         Spirit   .     (no cloak)
rCorr  +         Warding  .     (no gloves)
rMut   .         Stasis   .     (no barding)
MR     .....                    g - amulet of resist corrosion
Stlth  +.........               (no ring)
                                t - ring of protection from cold

@: lethally poisoned (-1 -> -28), about to teleport, very slightly contaminated,
hasted, very quick, not resistant to hostile enchantments, very unstealthy
A: hooves 3, deformed body, speed 2, tough skin 3
a: Renounce Religion


You were on level 5 of the Dungeon.
You worshipped Okawaru.
Okawaru was noncommittal.
You were not hungry.

You visited 1 branch of the dungeon, and saw 5 of its levels.

You collected 157 gold pieces.

Inventory:

Hand weapons
 a - a +0 mace (weapon)
 f - a +1 dagger of venom
 m - a +1 dagger of electrocution
 r - a +0 whip
 y - a +2 short sword of protection
 z - a +0 mace
Missiles
 o - 106 stones
 q - 2 javelins (quivered)
 s - 29 poisoned needles
 w - 2 throwing nets
 x - a javelin of returning
Armour
 c - a +0 scale mail
 j - a +0 robe (worn)
 v - a +0 ring mail
 B - a +0 helmet (worn)
Jewellery
 g - an amulet of resist corrosion (around neck)
 t - a ring of protection from cold (left hand)
Magical devices
 A - a wand of slowing (29)
Scrolls
 i - a scroll of noise {unknown}
 n - a scroll of enchant weapon {unknown}
 u - a scroll of blinking
 C - a scroll of fog
 E - a scroll of recharging {unknown}
Potions
 b - a potion of magic
 h - 4 potions of flight
Books
 d - a book of Debilitation

   Spells                             Type                      Level
   a - Corona                         Hexes                        1
   b - Slow                           Hexes                        2
   c - Gell's Gravitas                Hexes/Translocation          3
   d - Inner Flame                    Hexes/Fire                   3
   e - Cause Fear                     Hexes                        4
   f - Leda's Liquefaction            Hexes/Earth                  4
Comestibles
 p - a meat ration


   Skills:
 + Level 4.6 Fighting
 + Level 3.0 Maces & Flails
 - Level 5.1 Throwing
 - Level 1.3 Dodging
 - Level 1.0 Spellcasting
 - Level 2.6 Hexes


You had 6 spell levels left.
You knew the following spells:

 Your Spells              Type           Power        Failure   Level  Hunger
a - Corona                Hex            #......      12%         1    ##.....


Dungeon Overview and Level Annotations

Branches:
Dungeon (5/15)
 Temple: D:4-7

Altars:
Dithmenos
Fedhas
Nemelex Xobeh
Okawaru
Vehumet

Annotations:
D:3 namelastname112's ghost, weakling DrHu


Innate Abilities, Weirdness & Mutations

You have hooves in place of feet.
Armour fits poorly on your strangely shaped body.
You cover ground very quickly.
You have extremely tough skin (AC +3).


Message History

The water moccasin is moderately wounded.
* * * LOW HITPOINT WARNING * * *
You feel sick. The water moccasin bites you.
* * * LOW HITPOINT WARNING * * *
Unknown command.
Drink which item? (? for menu, Esc to quit)
Okay, then.
Read which item? (? for menu, Esc to quit)
As you read the scroll labeled JOWADGH LYISIW, it crumbles to dust.
You feel strangely unstable.
It was a scroll of teleportation.
* * * LOW HITPOINT WARNING * * *
You feel sick.
The water moccasin completely misses you.
You completely miss the water moccasin.
The water moccasin is moderately wounded.
* * * LOW HITPOINT WARNING * * *
You feel sick. The water moccasin bites you.
* * * LOW HITPOINT WARNING * * *
The water moccasin bites you.
You die...

# #...#####........# #..# # ##.##
######.### #..#### # #####.## #.#
#.....# # #......#### ##+##
#.###.# # #....###..# ##...##
#.###.# # #..### ..# ##.....##
#...... # #..######.# ##.....>.##
###.#.#
###..#......###.S.......####....#
..............'.@.......'..<.....
###.........###.........####...##
# #.......#.# ##.$.....## ##..# #
##........# ##._...## ##.# .
#.....#### ##...## #.# . ###.###
##+## #.# .# #.# #.# ## #.# ###
#.#


You could see a water moccasin.

Vanquished Creatures
  A crimson imp (D:5)
  A hound (D:5)
  Ijyb (D:2)
  2 worker ants
  Terence (D:2)
  An orc wizard (D:4)
  A hound skeleton (D:4)
  4 gnolls (D:3)
  7 adders
  An ooze (D:1)
  An adder skeleton (D:4)
  2 worms
  2 giant geckos
  5 orcs
  A ball python (D:1)
  4 bats
  A bat skeleton (D:4)
  6 goblins
  8 hobgoblins
  4 jackals (D:1)
  A quokka (D:4)
  4 giant cockroaches
  4 giant newts
  A jackal skeleton (D:4)
  9 kobolds
  5 rats
  A fungus (D:3)
79 creatures vanquished.

Notes
Turn   | Place    | Note
--------------------------------------------------------------
     0 | D:1      | Zwobot, the Centaur Arcane Marksman, began the quest for the Orb.
     0 | D:1      | Reached XP level 1. HP: 16/16 MP: 2/2
   239 | D:1      | Reached skill level 3 in Throwing
   542 | D:1      | Reached XP level 2. HP: 8/23 MP: 3/3
  1678 | D:2      | Reached skill level 4 in Throwing
  1678 | D:2      | Reached XP level 3. HP: 27/29 MP: 4/4
  1712 | D:2      | Noticed Terence
  1735 | D:2      | Killed Terence
  2069 | D:2      | Reached XP level 4. HP: 37/37 MP: 5/5
  2306 | D:2      | Noticed Ijyb
  2459 | D:2      | Killed Ijyb
  2459 | D:2      | Reached skill level 5 in Throwing
  2858 | D:3      | Found a blossoming altar of Fedhas.
  2938 | D:3      | Noticed namelastname112's ghost (weakling DrHu)
  3092 | D:3      | Found a shadowy altar of Dithmenos.
  3135 | D:3      | Reached XP level 5. HP: 22/45 MP: 6/6
  3475 | D:3      | Reached skill level 1 in Maces & Flails
  4725 | D:4      | Found a radiant altar of Vehumet.
  4829 | D:4      | Reached XP level 6. HP: 37/52 MP: 7/7
  5668 | D:5      | Entered Level 5 of the Dungeon
  5852 | D:5      | Found an iron altar of Okawaru.
  5905 | D:5      | Became a worshipper of Warmaster Okawaru
  5930 | D:5      | Noticed a water moccasin
  5962 | D:5      | Found a sparkling altar of Nemelex Xobeh.
  6195 | D:5      | Slain by a water moccasin

Action                   |  1- 3 |  4- 6 || total
-------------------------+-------+-------++-------
Melee: Unarmed           |    17 |       ||    17
       Mace              |    69 |   346 ||   415
Throw: Javelin           |    10 |    31 ||    41
       Stone             |    25 |    52 ||    77
       Throwing net      |     5 |     2 ||     7
 Cast: Corona            |       |     3 ||     3
  Use: Scroll            |       |    11 ||    11
       Potion            |       |     7 ||     7
  Eat: Chunk             |     3 |     5 ||     8
       Bread ration      |       |     1 ||     1
       Meat ration       |       |     1 ||     1
